 Dungeon Crawl Stone Soup version 0.30-b1-2-g02819fbbbe (webtiles) character file.

Game seed: 5113797219128842941

3847 LLlMATKO the Fighter (level 9, -17/126 HPs)
             Began as a Minotaur Berserker on Nov 1, 2023.
             Was a High Priest of Trog.
             Demolished by an orc knight
             ... wielding a +0 glaive
              (29 damage)
             ... in a bailey.
             The game lasted 00:09:27 (8198 turns).

LLlMATKO the Fighter (Minotaur Berserker)           Turns: 8198, Time: 00:09:28

Health: -17/126    AC: 14    Str: 35    XL:     9   Next: 98%
Magic:  0/8        EV: 12    Int:  4    God:    Trog [*****.]
Gold:   207        SH:  0    Dex: 10    Spells: 8/8 levels left

rFire   + . .        j - +0 battleaxe
rCold   . . .        (shield currently unavailable)
rNeg    . . .        E - +2 chain mail of the Onion {rF+}
rPois   .            (helmet restricted)
rElec   .            L - +0 cloak "Jaibugom" {Regen+ Str+3}
rCorr   .            (no gloves)
SInv    .            (no boots)
Will    ++...        f - amulet of guardian spirit Stlth
                     B - +6 ring of strength
HPRegen 2.21/turn    (no ring)
MPRegen 0.11/turn

%: guardian spirit
@: berserking, strong-willed, regenerating, very quick
A: horns 2, retaliatory headbutt
a: Renounce Religion, Berserk, Trog's Hand, Brothers in Arms


You were in a bailey.
You worshipped Trog.
Trog was extremely pleased with you.
You visited 1 branch of the dungeon, and saw 8 of its levels.
You also visited: Ossuary and Bailey.

You collected 337 gold pieces.
You spent 130 gold pieces at shops.

Inventory:

Hand Weapons
 a - a +0 hand axe
 e - a +1 sling of flaming
 j - a +0 battleaxe (weapon)
 u - a +0 sling of freezing
 H - a +0 war axe
 P - a +0 heavy hand axe
Missiles
 b - 6 javelins (quivered)
 m - 2 curare-tipped darts
 t - 2 throwing nets
 K - 5 poisoned darts
Armour
 E - the +2 chain mail of the Onion (worn) {rF+}
   (You found it on level 5 of the Dungeon)

   rF:        It protects you from fire.
 L - the +0 cloak "Jaibugom" (worn) {Regen+ Str+3}
   (You found it on level 7 of the Dungeon)

   Str:       It affects your strength (+3).
   Regen:     It increases your rate of health regeneration.
Jewellery
 f - an amulet of guardian spirit (around neck)
 B - a +6 ring of strength (left hand)
 Q - a ring of willpower
Wands
 y - a wand of polymorph (11)
 N - a wand of paralysis (5)
Scrolls
 c - 2 scrolls of fear
 h - 9 scrolls of identify
 i - 2 scrolls of immolation
 n - a scroll of acquirement
 p - 2 scrolls of teleportation
 r - a scroll of noise
 v - a scroll of amnesia {unknown}
 w - 4 scrolls of enchant armour {unknown}
 x - 2 scrolls of silence {unknown}
 A - 3 scrolls of blinking {unknown}
 D - 2 scrolls of fog {unknown}
Potions
 d - 2 potions of might {unknown}
 g - 2 potions of resistance {unknown}
 k - a potion of magic {unknown}
 l - 6 potions of curing
 o - a potion of invisibility {unknown}
 q - a potion of brilliance {unknown}
 z - a potion of experience {unknown}
 C - 2 potions of ambrosia {unknown}
 F - a potion of flight {unknown}
 G - 2 potions of mutation {unknown}
 I - 2 potions of haste {unknown}
 J - 3 potions of berserk rage {unknown}
 M - a potion of heal wounds {unknown}
 O - 7 potions of degeneration


   Skills:
 + Level 9.4 Fighting
 + Level 9.3 Axes
 + Level 8.9 Armour
 + Level 8.2 Dodging


You had 8 spell levels left.
You didn't know any spells.
Your spell library was empty.

Dungeon Overview and Level Annotations

Branches:
Dungeon (8/15)             Temple (0/1) D:7         Ossuary (visited)
 Bailey (1/1)
   Lair: D:8-11

Altars:
Okawaru
Trog
Zin

Shops:
D:1 (*(?


Innate Abilities, Weirdness & Mutations

You have a pair of horns on your head.
You reflexively headbutt those who attack you in melee.


Message History

The orc warrior closely misses you. The orc knight completely misses you.
There is an open door here.
Unknown command.
A red film seems to cover your vision as you go berserk!
You feel yourself moving faster!
You feel mighty! The orc knight misses you.
The orc warrior hits you with a +0 halberd!!
The orc knight roars a battlecry!
The orc knight goes into a battle-frenzy!
You slice the orc knight!!
The orc knight is moderately wounded.
You barely miss the orc warrior.
The orc knight hits you from afar with a +0 bardiche!!
The orc warrior barely misses you. You furiously retaliate!
You headbutt the orc warrior!!
The orc knight hits you with a +0 glaive.
You closely miss the orc knight. You headbutt the orc knight!
The orc knight is heavily wounded.
You closely miss the orc warrior.
The orc knight hits you from afar with a +0 bardiche!
The orc warrior hits you but does no damage.
The orc knight misses you.
Unknown command.
You slash the orc knight!
The orc knight is severely wounded.
You slice the orc warrior!!
You kill the orc warrior!
Trog accepts your kill.
The orc knight hits you from afar with a +0 bardiche!!
* * * LOW HITPOINT WARNING * * *
The orc knight hits you with a +0 glaive.
* * * LOW HITPOINT WARNING * * *
You hit the orc knight. You headbutt the orc knight!
The orc knight is almost dead.
Unknown command.
You closely miss the orc knight. Your headbutt misses the orc knight.
The orc knight is almost dead.
The orc knight hits you from afar with a +0 bardiche!!
* * * LOW HITPOINT WARNING * * *
The orc knight hits you with a +0 glaive!!
You die...

...≈≈.≈≈≈...#########...≈≈≈.≈≈...
...........##.......##...........
..........##..#'#'#..##..........
..........#..##)#)##..#..........
.........##.#########.##.........
.........##.')#).)#)'.##.........
.........##.###.o.###.##.........
.........##.'.#)o.#)'.##.........
.........##.####@####.##.........
.........##..##∩.∩##..#..........
.............##'''#..##..........
....)........##.....##...........
...≈≈.≈≈≈....##....##...≈≈≈.≈≈...
..≈≈#)##≈....#######....≈##.#≈≈..
..≈##)∩#≈...............≈#∩.##≈..
..≈#.....................))..#≈..
..≈##.##≈...............≈##.##≈..


You could see 2 orc knights.

Vanquished Creatures
  4 yaks (D:6)
  2 steam dragons (D:8)
  7 orc warriors (Bailey)
  A sky beast (D:6)
  2 ogres
  2 black bears
  A centaur (D:6)
  A phantom (D:6)
  5 bullfrogs
  2 scorpions (D:5)
  2 water moccasin zombies (Ossuary)
  4 wights (D:5)
  2 howler monkeys
  2 orc priests (D:5)
  3 hounds (D:5)
  3 jellies
  A gnoll bouda (D:6)
  6 orc wizards
  2 sleepcaps
  2 iguanas
  3 mummies
  10 gnolls
  6 adders
  A shadow imp (D:5)
  A white imp (D:5)
  5 adder zombies (Ossuary)
  2 worms
  2 dart slugs
  37 orcs
  7 bats
  8 endoplasms
  3 giant cockroaches
  9 hobgoblins
  8 jackals
  A quokka (D:3)
  9 ball pythons
  4 frilled lizards
  A gnoll zombie (Ossuary)
  12 goblins
  5 hobgoblin zombies (Ossuary)
  10 kobolds
  6 kobold zombies (Ossuary)
  4 orc zombies (Ossuary)
  11 rats
219 creatures vanquished.

Notes
Turn   | Place    | Note
-------+----------+-------------------------------------------
     0 | D:1      | LLlMATKO the Minotaur Berserker began the quest for the
                  | Orb.
     0 | D:1      | Reached XP level 1. HP: 19/19 MP: 0/0
   135 | D:1      | Reached XP level 2. HP: 27/27 MP: 1/1
   190 | D:1      | Found Diunoehao's Weapon Boutique.
   296 | D:1      | Reached ** piety under Trog
   361 | D:1      | Reached XP level 3. HP: 33/33 MP: 2/2
   367 | D:1      | Found Xuocwiojen's Magic Scroll Emporium.
   450 | D:1      | Found Biot's Jewellery Emporium.
   615 | D:1      | Found Xujif's Antique Weapon Shoppe.
   723 | D:1      | Found Voudarec's Assorted Antiques.
  1276 | D:2      | Reached *** piety under Trog
  1442 | D:2      | Reached XP level 4. HP: 40/40 MP: 3/3
  1446 | D:2      | Found a faded altar of an unknown god.
  1807 | D:3      | Found an iron altar of Okawaru.
  1825 | D:3      | Found a bloodstained altar of Trog.
  1825 | D:3      | Found a glowing silver altar of Zin.
  2729 | D:4      | Reached XP level 5. HP: 43/47 MP: 4/4
  3368 | D:4      | You fall into a shaft and drop 1 floor!
  3368 | D:5      | Entered Level 5 of the Dungeon
  3376 | D:5      | Identified the +2 chain mail of the Onion {rF+}
  3447 | D:5      | Reached skill level 5 in Fighting
  3447 | D:5      | Reached skill level 5 in Axes
  3567 | D:5      | Reached XP level 6. HP: 56/56 MP: 5/5
  3595 | D:5      | Reached **** piety under Trog
  3670 | D:5      | Identified the +0 leather armour of Likimam {rC+ rN+}
  3952 | D:4      | Reached skill level 5 in Armour
  3952 | D:4      | Reached XP level 7. HP: 44/62 MP: 3/6
  4576 | D:5      | Reached skill level 5 in Dodging
  4825 | D:5      | Reached XP level 8. HP: 70/71 MP: 5/7
  5685 | D:1      | Bought a pitted marble ring for 130 gold pieces
  5685 | D:1      | Identified the ring of Joety {Ice rN+} (You bought it in a
                  | shop on level 1 of the Dungeon)
  5966 | D:6      | Reached XP level 9. HP: 64/81 MP: 8/8
  6927 | D:7      | Identified the +0 cloak "Jaibugom" {Regen+ Str+3}
  7112 | D:7      | Found Tiontousm's Magic Scroll Shoppe.
  7183 | D:7      | Found a sand-covered staircase.
  7201 | Ossuary  | Entered an ossuary
  7215 | Ossuary  | Reached ***** piety under Trog
  7290 | Ossuary  | Received a gift from Trog
  7547 | D:7      | Found a staircase to the Ecumenical Temple.
  7911 | D:8      | Found a flagged portal.
  7921 | Bailey   | Entered a bailey
  8191 | Bailey   | Noticed an orc knight
  8191 | Bailey   | Noticed an orc knight
  8198 | Bailey   | Demolished by an orc knight

Illustrated notes

Levels and vault maps discovered:
D:1:      lemuel_arrival_broad_hall, layout_basic, serial_shops,
          nicolae_shop_real_fake_doors, shop, shop,
          nicolae_shop_competitors_out_of_business,
          nicolae_shop_bloodbath_and_beyond
D:2:      layout_basic, shapermc_ecumenical_altar_venn, feat_on_display
D:3:      layout_basic, gammafunk_temple_overflow_forgotten
D:4:      layout_loops_corners
D:5:      layout_layer_cave, hangedman_abyss_or_decor_stagger
D:6:      layout_basic, centaur_isle
D:7:      layout_basic, minmay_temple_entry_waves, gup_ossuary_entry_pyramid,
          serial_shops, nicolae_shop_temple_entry_statues_fountains
D:8:      layout_loops_corners, kennysheep_mini_moat, enter_bailey_7
Bailey:   bailey_polearm_2, bailey

Skill      XL: |  1  2  3  4  5  6  7  8  9 |
---------------+----------------------------+-----
Fighting       | 4 5 6 8 9 |  9.4
Axes           | 4 5 6 8 9 |  9.3
Armour         | 3 4 5 6 7 8 |  8.9
Dodging        | 3 4 5 6 8 |  8.2

Action                     |  1- 3 |  4- 6 |  7- 9 || total
---------------------------+-------+-------+-------++-------
  Melee: Hand axe          |   118 |   139 |    62 ||   319
         Headbutt          |    14 |    19 |    48 ||    81
         Punch             |       |     1 |     1 ||     2
         Battleaxe         |       |       |   209 ||   209
 Invoke: Berserk           |       |     2 |     4 ||     6
         Trog's Hand       |       |       |     1 ||     1
    Use: Scroll            |       |       |     7 ||     7
 Armour: Animal skin       |     2 |       |       ||     2
         Ring mail         |    36 |    23 |       ||    59
         Chain mail        |       |    40 |   161 ||   201
  Dodge: Dodged            |    67 |    69 |   214 ||   350
